 Dungeon Crawl Stone Soup version 0.22-a0-271-gc000056a37 (webtiles) character file.

65 Manul the Poker (level 3, -9/33 HPs)
             Began as a Draconian Monk on Mar 11, 2018.
             Mangled by an ice beast (10 damage)
             ... on level 2 of the Dungeon.
             The game lasted 00:01:07 (1333 turns).

Manul the Poker (Draconian Monk)                    Turns: 1333, Time: 00:01:07

Health: -9/33      AC:  5    Str: 13    XL:     3   Next: 92%
Magic:  3/3        EV: 13    Int: 10    God:
Gold:   75         SH:  0    Dex: 14    Spells: 2/2 levels left

rFire    + . .     SeeInvis .   a - +0 spear
rCold    . . .     Gourm    .   (no shield)
rNeg     . . .     Faith    .   (armour unavailable)
rPois    .         Spirit   .   (helmet restricted)
rElec    .         Reflect  .   (no cloak)
rCorr    +         Harm     +   (no gloves)
MR       .....                  (no boots)
Stlth    ++........             g - amulet of harm
HPRegen  0.11/turn              f - ring of protection from fire
MPRegen  0.08/turn              i - ring of resist corrosion

@: hasted and slowed
A: unfitting armour, cold-blooded, AC +5
a: no special abilities


You were on level 2 of the Dungeon.
You were not hungry.

You visited 1 branch of the dungeon, and saw 2 of its levels.

You collected 75 gold pieces.

Inventory:

Hand Weapons
 a - a +0 spear (weapon)
Jewellery
 f - a ring of protection from fire (left hand)
 g - an amulet of harm (around neck)
 i - a ring of resist corrosion (right hand)
Scrolls
 c - a scroll of enchant armour {unknown}
 d - a scroll of remove curse {unknown}
 e - 4 scrolls of identify {unknown}
 j - a scroll of random uselessness {unknown}
Comestibles
 b - 2 rations
 k - a chunk of flesh


   Skills:
 + Level 3.7 Fighting
 + Level 3.9 Polearms
 + Level 3.1 Dodging
 + Level 2.2 Stealth


You had 2 spell levels left.
You didn't know any spells.

Dungeon Overview and Level Annotations

Branches:
Dungeon (2/15)

Altars:


Innate Abilities, Weirdness & Mutations

Your plain brown scales are hard. (AC +5)
You cannot fit into any form of body armour.
You are cold-blooded and may be slowed by cold attacks.


Message History

You closely miss the ice beast.
The ice beast is heavily wounded.
You barely miss the ice beast.
The ice beast is heavily wounded.
The ice beast closely misses you.
You closely miss the ice beast.
The ice beast is heavily wounded.
The ice beast barely misses you.
You closely miss the ice beast. You tail-slap the ice beast.
The ice beast is severely wounded.
You hit the ice beast.
Your tail-slap misses the ice beast.
The ice beast is severely wounded.
The ice beast hits you. The ice beast freezes you!
You feel yourself slow down.
* * * LOW HITPOINT WARNING * * *
You hit the ice beast.
The ice beast is severely wounded.
The ice beast hits you.
* * * LOW HITPOINT WARNING * * *
The ice beast freezes you!
You die...

#### ############ #...
............# ###+##
.............# ####.....
#.............###########........
'.............gY@...............>
#.............#######...#.#......
#..........†..# #...#.#.)....
#.............# #...#.#......
#.............# #.###.#......
#.............# #.# #.#...)..
'.............# #.###.#......
#.............# #..##.#.#####
#.'####..###### ##.##.#.#


You could see an ice beast and a hobgoblin.

Vanquished Creatures
  A centaur skeleton (D:2)
  A dart slug (D:1)
  2 leopard geckos
  2 giant cockroaches (D:1)
  4 goblins (D:1)
  A hobgoblin (D:1)
  3 jackals (D:2)
  2 kobolds (D:1)
  A quokka (D:2)
  4 bats
  3 frilled lizards (D:1)
  8 rats
32 creatures vanquished.

Notes
Turn   | Place    | Note
-------+----------+-------------------------------------------
     0 | D:1      | Manul the Draconian Monk began the quest for the Orb.
     0 | D:1      | Reached XP level 1. HP: 19/19 MP: 1/1
   134 | D:1      | Reached XP level 2. HP: 26/26 MP: 2/2
   803 | D:2      | Reached XP level 3. HP: 26/31 MP: 3/3
  1299 | D:2      | Noticed an ice beast
  1333 | D:2      | HP: 1/33 [ice beast (2)]
  1333 | D:2      | Mangled by an ice beast

Vault maps used:
D:1:      erik_arrival_triangle_medium
D:2:      nicolae_overflow_crystal_walls, first_ration

Skill      XL: |  1  2 |
---------------+-------+-----
Dodging        | 3 |  3.1
Stealth        | 2 |  2.2
Fighting       | |  3.7
Polearms       | |  3.9

Action                   || total
-------------------------++-------
Melee: Spear             ||   143
       Tailslap          ||    13
  Use: Potion            ||     1
 Stab: Sleeping          ||     7
  Eat: Chunk             ||     1
Armor: Skin              ||    36
Dodge: Dodged            ||    83

Table legend:
 A = Spawn XP
 B = Non-spawn XP
 C = Spawn XP percentage of total XP
 D = Spawn monster count
 E = Non-spawn monster count
 F = Spawn count percentage of total count
 G = Total turns spent on level
                    A         B        C        D         E        F      G
               +---------+---------+-------+---------+---------+-------+---------
         Total |       0 |      93 |   0.0 |       0 |      32 |   0.0 |  1333
               +---------+---------+-------+---------+---------+-------+---------
           D:1 |       0 |      32 |   0.0 |       0 |      20 |   0.0 |   732
           D:2 |       0 |      61 |   0.0 |       0 |      12 |   0.0 |   601
               +---------+---------+-------+---------+---------+-------+---------
